 Dungeon Crawl Stone Soup version 0.23.2-40-g277498a001 (webtiles) character file.

Game seed: 8149089699294950906

247 Exodus22XD the Conjurer (level 5, -6/28 HPs)
             Began as a Deep Elf Wizard on Sept 4, 2019.
             Killed from afar by an orc wizard (8 damage)
             ... with a puff of frost
             ... on level 4 of the Dungeon.
             The game lasted 00:08:31 (2932 turns).

Exodus22XD the Conjurer (Deep Elf Wizard)           Turns: 2932, Time: 00:08:34

Health: -6/28      AC:  2    Str:  4    XL:     5   Next: 85%
Magic:  4/13       EV: 13    Int: 24    God:
Gold:   132        SH:  0    Dex: 13    Spells: 1/12 levels left

rFire    . . .     SeeInvis .   v - +2 dagger (venom)
rCold    . . .     Gourm    +   (no shield)
rNeg     . . .     Faith    .   a - +0 robe
rPois    .         Spirit   .   b - +0 hat
rElec    .         Reflect  .   (no cloak)
rCorr    .         Harm     .   (no gloves)
MR       .....                  (no boots)
Stlth    ++........             u - amulet of the gourmand
HPRegen  0.09/turn              (no ring)
MPRegen  0.13/turn              (no ring)

@: very slightly contaminated
A: no striking features
a: no special abilities


You were on level 4 of the Dungeon.
You were very full.

You visited 1 branch of the dungeon, and saw 4 of its levels.

You collected 132 gold pieces.

Inventory:

Hand Weapons
 v - a +2 dagger of venom (weapon)
Armour
 a - a +0 robe (worn)
 b - a +0 hat (worn)
Jewellery
 u - an amulet of the gourmand (around neck)
Wands
 e - a wand of polymorph (3)
Scrolls
 f - a scroll of amnesia
 g - 5 scrolls of remove curse
 i - a scroll of magic mapping {unknown}
 j - a scroll of enchant armour {unknown}
 l - a scroll of random uselessness {unknown}
 o - 3 scrolls of fog
 r - a scroll of teleportation {unknown}
 t - a scroll of enchant weapon {unknown}
Potions
 c - 2 potions of mutation
 h - a potion of ambrosia {unknown}
 k - a potion of invisibility
 m - a potion of curing {unknown}
 n - 2 potions of degeneration {unknown}
 p - a potion of flight {unknown}
 q - 2 potions of agility {unknown}
 s - a potion of magic {unknown}
Comestibles
 d - 9 rations


   Skills:
 - Level 2.4 Dodging
 - Level 2.4 Stealth
 - Level 4.4 Spellcasting
 - Level 4.8 Conjurations
 - Level 1.1 Summonings
 - Level 1.1 Translocations
 * Level 4.0 Fire Magic


You had one spell level left.
You knew the following spells:

 Your Spells              Type           Power        Failure   Level  Hunger
a - Magic Dart            Conj           ####         1%          1    None
b - Call Imp              Summ           ##......     9%          2    None
c - Blink                 Tloc           N/A          9%          2    None
d - Conjure Flame         Conj/Fire      ####....     4%          3    ##.....
e - Mephitic Cloud        Conj/Pois/Air  ##......     14%         3    ##.....

Your spell library contained the following spells:

 Spells                   Type           Power        Failure   Level  Hunger
 Slow                     Hex            #.......     14%         2    None


Dungeon Overview and Level Annotations

Branches:
Dungeon (4/15)
 Temple: D:4-7

Altars:
Makhleb
Okawaru
Uskayaw
Vehumet


Message History

The orc wizard completely misses you.
You miss the orc wizard.
The orc wizard is heavily wounded.
The orc wizard hits you with a +0 dagger.
You hit the orc wizard but do no damage.
The orc wizard is poisoned.
The orc wizard is heavily wounded.
The orc wizard points at you and mumbles some strange words.
The puff of frost hits you!
The orc wizard gestures at you while chanting.
The puff of frost hits you!
* * * LOW HITPOINT WARNING * * *
Casting: Magic Dart (safe; 1% risk of failure)
Confirm with . or Enter, or press ? or * to list all spells.
You miscast Call Imp.
You are very lightly contaminated with residual magic.
Strange energies run through your body. The orc wizard casts a spell at you.
The puff of frost hits you!
You die...

.. .......
.#...[...
#####
....)....
#...#
#........
#.#.#
#........
#.#.# #.#
#.#.# #o#
#.#.######.#
#.#......#@#
#.######.#.#
#......#.#.#
######.#.#.#
#.#.#.#
#...#.#
#..##.#
#...#.#
##..#.#


You could see an orc wizard.

Vanquished Creatures
  A bullfrog skeleton (D:4)
  2 orc wizards (D:3)
  Ijyb (D:3)
  A worker ant (D:3)
  2 adders
  An ooze (D:1)
  An adder skeleton (D:4)
  2 worms (D:2)
  2 dart slugs
  5 leopard geckos
  6 orcs
  2 giant cockroaches
  5 goblins
  8 hobgoblins
  7 jackals
  4 kobolds
  2 quokkas (D:3)
  5 bats
  4 frilled lizards
  8 rats
69 creatures vanquished.

Notes
Turn   | Place    | Note
-------+----------+-------------------------------------------
     0 | D:1      | Exodus22XD the Deep Elf Wizard began the quest for the Orb.
     0 | D:1      | Reached XP level 1. HP: 10/10 MP: 7/7
    83 | D:1      | Reached XP level 2. HP: 15/15 MP: 1/9
   679 | D:1      | Reached XP level 3. HP: 19/19 MP: 4/10
  1276 | D:2      | Found a burning altar of Makhleb.
  1280 | D:2      | Found an iron altar of Okawaru.
  1285 | D:2      | Found a hide-covered altar of Uskayaw.
  1483 | D:2      | Reached XP level 4. HP: 24/24 MP: 10/12
  1825 | D:3      | Learned a level 2 spell: Call Imp
  1828 | D:3      | Learned a level 2 spell: Blink
  1832 | D:3      | Learned a level 3 spell: Conjure Flame
  1836 | D:3      | Learned a level 3 spell: Mephitic Cloud
  1845 | D:3      | Reached skill level 1 in Fire Magic
  1848 | D:3      | Reached XP level 5. HP: 16/28 MP: 0/13
  2004 | D:3      | Found a radiant altar of Vehumet.
  2203 | D:3      | Noticed Ijyb
  2224 | D:3      | Killed Ijyb
  2733 | D:3      | Found a faded altar of an unknown god.
  2930 | D:4      | HP: 1/28 [orc wizard/puff of frost (8)]
  2932 | D:4      | Killed from afar by an orc wizard

Skill      XL: |  1  2  3  4  5 |
---------------+----------------+-----
Conjurations   | 2 3 4 |  4.8
Fire Magic     | 2 4 |  4.0
Dodging        | |  2.4
Stealth        | |  2.4
Spellcasting   | |  4.4
Summonings     | |  1.1
Translocations | |  1.1

Action                   |  1- 3 |  4- 6 || total
-------------------------+-------+-------++-------
Melee: Unarmed           |       |     9 ||     9
       Dagger            |       |     6 ||     6
 Cast: Magic Dart        |    96 |    77 ||   173
       Conjure Flame     |       |     1 ||     1
  Use: Scroll            |       |     5 ||     5
 Stab: Confused          |       |     1 ||     1
  Eat: Chunk             |     2 |    13 ||    15
Armor: Robe              |     2 |     2 ||     4
Dodge: Dodged            |    15 |    12 ||    27
